 Dungeon Crawl Stone Soup version 0.27.1 (webtiles) character file.

Game seed: 15614079233476032348

25 TinyDot the Vexing (level 3, 0/28 HPs)
             Began as a Gnoll Arcane Marksman on Aug 24, 2021.
             Slain by Sigmund (7 damage)
             ... on level 2 of the Dungeon.
             The game lasted 00:11:14 (1073 turns).

TinyDot the Vexing (Gnoll Arcane Marksman)          Turns: 1073, Time: 00:11:15

Health: 0/28       AC:  6    Str: 10    XL:     3   Next: 4%
Magic:  16/16      EV: 11    Int: 12    God:
Gold:   33         SH:  0    Dex: 12    Spells: 6/7 levels left

rFire    . . .     SeeInvis .   a - +0 hand crossbow
rCold    . . .     Faith    .   (no shield)
rNeg     . . .     Spirit   .   i - +0 ring mail
rPois    .         Reflect  .   (no helmet)
rElec    .         Harm     .   (no cloak)
rCorr    .         Rampage  .   (no gloves)
Will     .....                  h - +0 pair of boots
Stlth    +.........             (no amulet)
HPRegen  0.09/turn              k - ring of magical power
MPRegen  0.15/turn              (no ring)

@: no status effects
A: fangs 1, strong nose, distributed training
a: no special abilities


You were on level 2 of the Dungeon.
You visited 1 branch of the dungeon, and saw 2 of its levels.

You collected 33 gold pieces.

Inventory:

Hand Weapons
 a - a +0 hand crossbow (weapon)
 e - a +0 dagger
 f - a +0 hunting sling
 j - a +0 hand axe
Missiles
 c - 19 bolts (quivered ammo)
 g - 54 stones
Armour
 d - a +0 robe
 h - a +0 pair of boots (worn)
 i - a +0 ring mail (worn)
 l - a +0 buckler
 n - a +0 robe
 q - a +0 plate armour
 r - a +0 pair of boots
 t - a +0 ring mail
Jewellery
 k - a ring of magical power (left hand)
Scrolls
 p - a scroll of identify
 s - a scroll of fog {unknown}
Potions
 b - a potion of brilliance {unknown}
 m - a potion of might
 o - a potion of curing {unknown}
 u - a potion of heal wounds {unknown}


   Skills:
 + Level 2.5 Fighting
 + Level 0.5 Short Blades
 + Level 0.5 Long Blades
 + Level 0.5 Axes
 + Level 0.5 Maces & Flails
 + Level 0.5 Polearms
 + Level 0.5 Staves
 + Level 0.5 Slings
 + Level 0.5 Bows
 + Level 4.5 Crossbows
 + Level 0.5 Throwing
 + Level 0.5 Armour
 + Level 4.5 Dodging
 + Level 0.5 Stealth
 + Level 0.5 Shields
 + Level 0.5 Unarmed Combat
 + Level 2.7 Spellcasting
 + Level 0.4 Conjurations
 + Level 5.4 Hexes
 + Level 0.4 Summonings
 + Level 0.4 Necromancy
 + Level 0.4 Translocations
 + Level 0.4 Transmutations
 + Level 0.4 Fire Magic
 + Level 0.4 Ice Magic
 + Level 0.4 Air Magic
 + Level 0.4 Earth Magic
 + Level 0.4 Poison Magic
 + Level 0.7 Invocations
 + Level 0.5 Evocations


You had 6 spell levels left.
You knew the following spells:

 Your Spells              Type           Power      Damage    Failure   Level
a - Corona                Hex            15%        N/A       7%          1

Your spell library contained the following spells:

 Spells                   Type           Power      Damage    Failure   Level
 Slow                     Hex            14%        N/A       11%         2
 Inner Flame              Hex/Fire       8%         N/A       52%         3
 Portal Projectile        Hex/Tloc       16%        N/A       52%         3
 Cause Fear               Hex            7%         N/A       56%         4


Dungeon Overview and Level Annotations

Branches:
Dungeon (2/15)

Altars:

Shops:
D:1 :

Annotations:
D:2 Sigmund


Innate Abilities, Weirdness & Mutations

You have very sharp teeth.
Your uncanny sense of smell can sniff out nearby items.
Your experience applies equally to all skills.


Message History

You feel less confused. The goblin barely misses you.
Fire: 22 bolts
Press: ? - help, Q - select action, (/) - cycle Shift-Dir - straight line, f - goblin
Aim: a goblin, wielding a +0 dagger (58% to hit)
You shoot a bolt. The bolt hits the goblin!
You kill the goblin!
The ball python bites you. The ball python completely misses you.
You have reached level 3!
Your experience leads to an increase in your attributes!
Increase (S)trength, (I)ntelligence, or (D)exterity?
You feel stronger.
Fire: 21 bolts
Press: ? - help, Q - select action, (/) - cycle Shift-Dir - straight line, f - ball python
Aim: a ball python (61% to hit)
You shoot a bolt. The bolt hits the ball python.
You kill the ball python!
Something barely misses you. Something hits you but does no damage.
Things that are here:
2 bolts; a +0 dagger; a ball python corpse You clumsily bash something but do no damage.
Something hits you.
You miss something. Something hits you but does no damage.
You miss something. You bite something. Something hits you.
Unknown command.
Unknown command.
Fire: 20 bolts
Press: ? - help, Q - select action, (/) - cycle Shift-Dir - straight line You shoot a bolt.
You hear some strange, mumbled words.
Something tries to affect you, but you resist.
Something hits you!
Things that are here:
2 bolts; a +0 dagger; a ball python corpse You clumsily bash something but do no damage.
Something hits you!
* * * LOW HITPOINT WARNING * * *
You miss something. You bite something. Something hits you!
You die...

#........# #.....<..# ...
.... #........# ..# ... #
#........# #.# .. #
#........# #.##.# ##
#........## #.#..#
.###.........# #?#.# .
..##.........######...###...#
..###....>......@{....(....#
..#..†...###.######.#####.##
.....#######........#
...#.........>.......
.............#........
.............#........#
..#..........#........#
###..........#####.####
..#....#####.# #


There were no monsters in sight!

Vanquished Creatures
  4 ball pythons
  3 endoplasms (D:1)
  A giant cockroach (D:2)
  3 goblins
  2 bats (D:1)
  13 rats
26 creatures vanquished.

Notes
Turn   | Place    | Note
-------+----------+-------------------------------------------
     0 | D:1      | TinyDot the Gnoll Arcane Marksman began the quest for the
                  | Orb.
     0 | D:1      | Reached XP level 1. HP: 17/17 MP: 4/4
   231 | D:1      | Reached XP level 2. HP: 11/23 MP: 5/5
   869 | D:1      | Found Sadicu's Book Boutique.
  1051 | D:2      | Noticed Sigmund
  1064 | D:2      | Reached XP level 3. HP: 26/28 MP: 7/7
  1073 | D:2      | Slain by Sigmund

Illustrated notes

Levels and vault maps discovered:
D:1:      evilmike_arrival_crescent, layout_basic, serial_shops,
          nicolae_lakefront_shop, minmay_rat_gold_closets
D:2:      layout_rooms, due_unseen_surprise, uniq_sigmund

Action                   || total
-------------------------++-------
Melee: Hand axe          ||     8
       Dagger            ||     4
       Hand crossbow     ||     6
       Bite              ||     2
 Fire: Hand crossbow     ||    26
       Hunting sling     ||    25
  Use: Scroll            ||     1
Armor: Robe              ||     2
       Ring mail         ||    20
Dodge: Dodged            ||    46
